 Dungeon Crawl Stone Soup version 0.21.1-1-g345015f (webtiles) character file.

54 inc the Scratcher (level 3, 0/17 HPs)
             Began as a Felid Monk on Mar 6, 2018.
             Slain by an adder (4 damage)
             ... on level 2 of the Dungeon.
             The game lasted 00:02:29 (1507 turns).

inc the Scratcher (Felid Monk)                      Turns: 1507, Time: 00:02:29

Health: 0/17       AC:  1    Str:  7    XL:     3   Next: 66%
Magic:  4/4        EV: 20    Int: 12    God:
Gold:   43         SH:  0    Dex: 18    Spells: 2/2 levels left
                                        Lives:  0   Deaths: 0

rFire    . . .     SeeInvis +     - Unarmed
rCold    . . .     Gourm    .   (shield unavailable)
rNeg     . . .     Faith    .   (armour unavailable)
rPois    .         Spirit   .   (helmet unavailable)
rElec    .         Reflect  .   (cloak unavailable)
rCorr    .         Harm     .   (gloves unavailable)
MR       .....                  (boots unavailable)
Stlth    +++.......             (no amulet)
HPRegen  0.05/turn              (no ring)
MPRegen  0.09/turn              (no ring)

@: lethally poisoned (0 -> -7), drained, quick
A: very small, no armour, no weapons or thrown items, stealth, claws 1, fangs 3,
see invisible, carnivore, speed 1, shaggy fur 1, slow metabolism 1, sharp paws
a: no special abilities


You were on level 2 of the Dungeon.
You were full.

You visited 1 branch of the dungeon, and saw 2 of its levels.

You collected 43 gold pieces.

Inventory:

Jewellery
 g - an uncursed amulet of regeneration {unknown}
Scrolls
 b - 2 scrolls of identify {unknown}
 c - 4 scrolls of teleportation
 d - a scroll of random uselessness {unknown}
 e - a scroll of remove curse {unknown}
 f - a scroll of fog {unknown}
 j - a scroll of amnesia {unknown}
Potions
 h - 2 potions of curing {unknown}
 i - 2 potions of lignification {unknown}
Comestibles
 a - a ration


   Skills:
 - Level 3.0(2.9) Fighting
 + Level 4.4 Dodging
 - Level 2.6 Stealth
 - Level 4.5(4.4) Unarmed Combat


You had 2 spell levels left.
You didn't know any spells.

Dungeon Overview and Level Annotations

Branches:
Dungeon (2/15)

Altars:
Cheibriados


Innate Abilities, Weirdness & Mutations

You cannot wear armour.
You are incapable of wielding weapons or throwing items.
Your paws allow you to move quietly. (Stealth)
You have sharp claws.
You have razor-sharp teeth.
You have supernaturally acute eyesight. (SInv)
You are carnivorous and can eat meat at any time.
You cover ground quickly.
You are covered in fur. (AC +1)
You have a slow metabolism.
Your sharp claws are effective at attacking unaware monsters.


Message History

You claw the worm!
The worm is severely wounded.
You scratch the worm but do no damage.
The worm is severely wounded.
The worm completely misses you.
You barely miss the worm.
The worm is severely wounded.
You scratch the worm.
You kill the worm!
You scratch the adder. Your bite misses the adder.
The adder is moderately wounded.
The adder bites you.
You are poisoned.
The adder poisons you!
You barely miss the adder. Your bite misses the adder.
The adder is moderately wounded.
You feel sick. The adder bites you.
* * * LOW HITPOINT WARNING * * *
The adder bites you.
You die...

.....#. #.......
.......... ........
......... ........
.......... .#####..
.......... .# #.........
.# #......... .#
#S........ ## #@........
#.)....... #####.#
#.......## #......
#.......'. #......
#.......##
#......#####..#####
#.........##..##########
#.........##..##........
#.........##............


You could see an adder.

Vanquished Creatures
  An adder (D:2)
  3 worms (D:2)
  2 dart slugs
  A leopard gecko (D:1)
  4 giant cockroaches (D:1)
  2 goblins (D:2)
  2 hobgoblins (D:1)
  A ball python (D:2)
  6 bats
  5 frilled lizards
  5 kobolds
  3 rats
35 creatures vanquished.

Notes
Turn   | Place    | Note
-------+----------+-------------------------------------------
     0 | D:1      | inc the Felid Monk began the quest for the Orb.
     0 | D:1      | Reached XP level 1. HP: 10/10 MP: 2/2
   309 | D:1      | Reached XP level 2. HP: 11/14 MP: 3/3
   751 | D:2      | Reached XP level 3. HP: 10/17 MP: 4/4
  1232 | D:2      | Found a snail-covered altar of Cheibriados.
  1507 | D:2      | Slain by an adder

Skill      XL: |  1  2 |
---------------+-------+-----
Unarmed Combat | 4 |  4.5
Fighting       | |  3.0
Dodging        | |  4.4
Stealth        | |  2.6

Action                   || total
-------------------------++-------
Melee: Unarmed           ||   100
       Bite              ||     7
       Punch             ||     1
  Use: Scroll            ||     1
       Potion            ||     1
 Stab: Sleeping          ||     6
  Eat: Chunk             ||     5
Armor: Skin              ||     1
Dodge: Dodged            ||    61
